 Dungeon Crawl Stone Soup version 0.22-a0-412-g2b68d14 (webtiles) character file.

15089 nikopol the Cleaver (level 11, -16/151 (153) HPs)
             Began as a Minotaur Berserker on May 12, 2018.
             Was a High Priest of Trog.
             Demolished by an orc knight
             ... wielding a +0 halberd
              (19 damage)
             ... in a bailey.
             The game lasted 00:34:29 (11568 turns).

nikopol the Cleaver (Minotaur Berserker)           Turns: 11568, Time: 00:34:30

HP:   -16/151 (153) AC: 16    Str: 29    XL:     11   Next: 97%
MP:   0/10          EV: 12    Int:  4    God:    Trog [*****.]
Gold: 794           SH:  0    Dex: 15    Spells: 10/10 levels left

rFire    . . .     SeeInvis .   a - +2 battleaxe (venom)
rCold    + + .     Gourm    .   (shield currently unavailable)
rNeg     . . .     Faith    .   K - +1 chain mail "Itonedo" {rC+ Str+2}
rPois    .         Spirit   +   (helmet restricted)
rElec    .         Reflect  .   B - +0 cloak
rCorr    .         Harm     .   i - +1 pair of gloves
MR       .....                  (no boots)
Stlth    ..........             J - amulet of guardian spirit
HPRegen  0.35/turn              s - ring of protection from cold
MPRegen  0.12/turn              H - +2 ring of dexterity

@: berserking, very quick
A: retaliatory headbutt, horns 2
a: Berserk, Trog's Hand, Brothers in Arms, Renounce Religion


You were in a bailey.
You worshipped Trog.
Trog was extremely pleased with you.
You were not hungry.

You visited 1 branch of the dungeon, and saw 11 of its levels.
You also visited: Ossuary and Bailey.

You collected 794 gold pieces.

Inventory:

Hand Weapons
 a - a +2 battleaxe of venom (weapon)
 z - a +0 shortbow
Missiles
 d - 190 arrows (quivered)
Armour
 i - a +1 pair of gloves (worn)
 B - a +0 cloak (worn)
 K - the +1 chain mail "Itonedo" (worn) {rC+ Str+2}
   (You found it on level 9 of the Dungeon)

   It affects your strength (+2).
   It protects you from cold.
Jewellery
 g - an uncursed ring of fire {unknown}
 j - an uncursed amulet of the gourmand {unknown}
 o - a cursed ring of teleportation {unknown}
 s - a ring of protection from cold (left hand)
 x - a +4 ring of protection {unknown}
 D - an uncursed ring of ice
 H - a +2 ring of dexterity (right hand)
 J - an amulet of guardian spirit (around neck)
Wands
 E - a wand of iceblast (16)
Scrolls
 h - 6 scrolls of teleportation
 k - a scroll of enchant armour
 l - 4 scrolls of fear
 n - 4 scrolls of enchant weapon
 q - 5 scrolls of remove curse
 u - 3 scrolls of blinking {unknown}
 w - a scroll of fog {unknown}
 y - a scroll of acquirement {unknown}
 N - a scroll of noise {unknown}
Potions
 b - a potion of invisibility {unknown}
 e - 3 potions of magic
 f - 6 potions of haste
 m - a potion of lignification {unknown}
 p - 2 potions of cancellation
 t - a potion of agility {unknown}
 v - 3 potions of mutation
 A - 6 potions of curing
 C - 3 potions of resistance
 F - 3 potions of might {unknown}
 G - 5 potions of heal wounds
 I - 2 potions of berserk rage {unknown}
 L - a potion of ambrosia {unknown}
 M - a potion of degeneration {unknown}
Comestibles
 c - 20 rations
 r - 10 chunks of flesh


   Skills:
 + Level 11.2 Fighting
 + Level 13.5 Axes
 + Level 10.2 Bows
 + Level 9.6 Armour
 + Level 5.5 Dodging
 + Level 1.8 Stealth


You had 10 spell levels left.
You didn't know any spells.
Your spell library was empty.

Dungeon Overview and Level Annotations

Branches:
Dungeon (11/15)            Temple (0/1) D:5            Lair (0/6) D:11
    Orc (0/2) D:11

Altars:
Elyvilon
Fedhas
Hepliaklqana
Makhleb
Nemelex Xobeh
Qazlal
Sif Muna
Uskayaw
Wu Jian
Xom
Yredelemnul
Zin
The Shining One

Shops:
D:9 *

Annotations:
D:5 Pikel


Innate Abilities, Weirdness & Mutations

You reflexively headbutt those who attack you in melee.
You have a pair of horns on your head.


Message History

* * * LOW HITPOINT WARNING * * *
Your chain mail "Itonedo" prevents you from hitting the orc knight.
You headbutt the orc knight!
The orc knight is almost dead.
Your chain mail "Itonedo" prevents you from hitting the orc knight.
You slice the orc knight!! The orc knight barely misses you.
The orc hits you from afar with a spear!
* * * LOW HITPOINT WARNING * * *
The orc knight hits you with an enchanted halberd.
* * * LOW HITPOINT WARNING * * *
An orc warrior comes into view. It is wielding a glaive.
You are too berserk!
The orc warrior shouts!
You slice the orc knight!!
The orc knight looks as sick as possible!
You headbutt the orc knight!
The orc knight is almost dead.
You closely miss the orc knight. x2; The orc hits you but does no damage.
The orc knight hits you with a halberd!!
You die...

####### #####
##.....#########.....
####)).....#.....#......
...#)).....'.)))ooo(.(..
...')))....'))))@o..(...
...#)).....'.))..'...(.o
####)......#..).(#......
##.....#########.....
####### #####


You could see 3 orc knights, an orc warrior and an orc.

Vanquished Creatures
  Fannar (D:10)
  Erolcha (D:10)
  Harold (D:10)
  3 two-headed ogres
  A skeletal warrior (D:11)
  An orc knight (D:10)
  A mana viper (shapeshifter) (D:10)
  Joseph (D:10)
  The ghost of Nr616 the Spear-Bearer, a novice MfGl of Ashenzari (D:3)
  A troll (D:10)
  2 hippogriffs (D:8)
  A shadow (D:10)
  A spriggan (D:7)
  4 yaks (D:10)
  A wyvern (D:9)
  A basilisk (D:10)
  A hungry ghost (D:10)
  Grum (D:9)
  Edmund (D:5)
  A soldier ant (D:9)
  3 sky beasts
  A necrophage (D:6)
  10 orc warriors
  4 ice beasts
  8 wolves
  2 boggarts
  5 ogres
  An eye of draining (D:9)
  8 centaurs
  A crocodile (D:9)
  2 gnoll sergeants
  3 wyvern zombies
  6 bullfrogs
  A water moccasin zombie (D:10)
  3 scorpions
  The ghost of emperorscorpion the Skirmisher, a weakling GrBe of Trog (D:4)
  5 wights (D:11)
  3 electric eels (D:10)
  3 crimson imps
  A wyvern simulacrum (D:10)
  A bullfrog zombie (D:5)
  A quasit (D:10)
  4 hounds
  4 jellies
  Crazy Yiuf (D:5)
  7 orc priests
  A gnoll shaman (D:7)
  2 centaur skeletons
  3 human zombies (Ossuary)
  7 orc wizards
  3 iguanas
  Natasha (twice) (D:2)
  5 worker ants
  A big kobold zombie (Ossuary)
  A hound skeleton (D:6)
  3 mummies
  3 worker ant zombies
  22 gnolls
  10 adders
  A shadow imp (D:9)
  4 white imps (D:10)
  A worker ant simulacrum (D:10)
  An ufetubus (D:10)
  2 oozes
  3 adder zombies (Ossuary)
  An adder skeleton (D:4)
  2 worms
  2 dart slugs (D:1)
  5 leopard geckos
  65 orcs
  4 bats (D:2)
  6 giant cockroaches
  6 goblins
  15 hobgoblins
  18 jackals
  6 kobolds
  3 quokkas
  5 frilled lizards
  A goblin zombie (Ossuary)
  14 hobgoblin zombies
  A jackal zombie (Ossuary)
  6 kobold zombies (Ossuary)
  A leopard gecko skeleton (D:9)
  9 orc zombies
  A quokka skeleton (D:9)
  5 rats
  A rat zombie (Ossuary)
367 creatures vanquished.

Vanquished Creatures (others)
  A leopard gecko (D:3)
  A quokka (D:3)
2 creatures vanquished.

Grand Total: 369 creatures vanquished

Notes
Turn   | Place    | Note
-------+----------+-------------------------------------------
     0 | D:1      | nikopol the Minotaur Berserker began the quest for the Orb.
     0 | D:1      | Reached XP level 1. HP: 19/19 MP: 0/0
   129 | D:1      | Reached skill level 4 in Axes
   129 | D:1      | Reached XP level 2. HP: 27/27 MP: 1/1
   935 | D:2      | Reached XP level 3. HP: 23/33 MP: 2/2
  1067 | D:2      | Found a glowing silver altar of Zin.
  1149 | D:2      | Noticed Natasha
  1156 | D:2      | Killed Natasha
  1156 | D:2      | Reached ** piety under Trog
  1222 | D:2      | Reached XP level 4. HP: 41/41 MP: 3/3
  1333 | D:2      | Noticed Natasha
  1340 | D:2      | Killed Natasha
  1340 | D:2      | Reached skill level 5 in Axes
  1558 | D:3      | Found a deep blue altar of Sif Muna.
  1591 | D:3      | Noticed Nr616's ghost (novice MfGl)
  1615 | D:3      | Killed Nr616's ghost
  1615 | D:3      | Reached skill level 5 in Fighting
  1615 | D:3      | Reached skill level 6 in Axes
  1615 | D:3      | Reached XP level 5. HP: 29/48 MP: 4/4
  1615 | D:3      | Reached XP level 6. HP: 34/56 MP: 5/5
  1893 | D:3      | Noticed an ice beast
  1902 | D:3      | Killed an ice beast
  2032 | D:3      | Reached XP level 7. HP: 49/61 MP: 6/6
  2177 | D:3      | Found a white marble altar of Elyvilon.
  2281 | D:3      | Found a hazy altar of Hepliaklqana.
  2282 | D:3      | Found a shimmering altar of Xom.
  2282 | D:3      | Noticed a yak
  2283 | D:3      | Noticed a yak
  2283 | D:3      | Noticed a spectral ugly thing
  2436 | D:4      | Reached skill level 7 in Axes
  2464 | D:4      | Found a blossoming altar of Fedhas.
  2486 | D:4      | Found a sparkling altar of Nemelex Xobeh.
  2502 | D:4      | Found a sand-covered staircase.
  2509 | Ossuary  | Entered an ossuary
  2526 | Ossuary  | Reached *** piety under Trog
  2757 | Ossuary  | Reached **** piety under Trog
  3151 | D:4      | Found an ornate altar of the Wu Jian Council.
  3327 | D:4      | Noticed emperorscorpion's ghost (weakling GrBe)
  3331 | D:4      | Reached skill level 8 in Axes
  3337 | D:4      | Killed emperorscorpion's ghost
  3337 | D:4      | Reached skill level 5 in Armour
  3344 | D:4      | Found a glowing golden altar of the Shining One.
  3536 | D:4      | Reached skill level 1 in Stealth
  3536 | D:4      | Reached XP level 8. HP: 60/70 MP: 7/7
  3571 | D:4      | Found a burning altar of Makhleb.
  3964 | D:5      | Entered Level 5 of the Dungeon
  4045 | D:5      | Reached skill level 9 in Axes
  4140 | D:5      | Reached ***** piety under Trog
  4147 | D:5      | Found a staircase to the Ecumenical Temple.
  4315 | D:5      | Reached skill level 1 in Bows
  4571 | D:5      | Noticed Pikel
  4795 | D:5      | Noticed Edmund
  4845 | D:5      | Killed Edmund
  5117 | D:5      | Found a runed door.
  5121 | D:5      | Noticed Crazy Yiuf
  5129 | D:5      | Killed Crazy Yiuf
  5413 | D:6      | Reached XP level 9. HP: 76/78 MP: 8/8
  6129 | D:7      | Received a gift from Trog
  6534 | D:7      | Noticed a dagger
  6642 | D:7      | Noticed a dagger
  6645 | D:7      | Found a hide-covered altar of Uskayaw.
  6788 | D:7      | Reached skill level 5 in Bows
  6872 | D:8      | Noticed a two-headed ogre
  6882 | D:8      | Killed a two-headed ogre
  6882 | D:8      | Reached skill level 10 in Axes
  6958 | D:8      | Noticed a two-headed ogre
  6974 | D:8      | Killed a two-headed ogre
  6974 | D:8      | Reached skill level 5 in Dodging
  6974 | D:8      | Reached XP level 10. HP: 65/87 MP: 9/9
  7219 | D:8      | Found a basalt altar of Yredelemnul.
  7666 | D:8      | Found a stormy altar of Qazlal.
  7733 | D:8      | Found a blossoming altar of Fedhas.
  7915 | D:9      | Noticed Grum
  7921 | D:9      | Reached skill level 11 in Axes
  7926 | D:9      | Killed Grum
  8218 | D:9      | Got a slimy chain mail
  8229 | D:9      | Identified the cursed +1 chain mail "Itonedo" {rC+ Str+2} (You found it on level 9 of the Dungeon)
  8286 | D:9      | Received a gift from Trog
  8548 | D:9      | Received a gift from Trog
  8724 | D:9      | Found Julak's Elemental Accessories.
  9114 | D:10     | Entered Level 10 of the Dungeon
  9148 | D:10     | Got a crude war axe
  9302 | D:10     | Reached XP level 11. HP: 33/96 MP: 5/10
  9770 | D:10     | Noticed a two-headed ogre
  9771 | D:10     | Noticed Harold
  9778 | D:10     | Killed a two-headed ogre
  9778 | D:10     | Reached skill level 12 in Axes
  9783 | D:10     | Killed Harold
  9906 | D:10     | Noticed an orc knight
  9919 | D:10     | Killed an orc knight
 10056 | D:10     | Reached skill level 10 in Fighting
 10058 | D:10     | Noticed Fannar
 10075 | D:10     | Killed Fannar
 10125 | D:10     | Noticed a mana viper
 10129 | D:10     | Killed a mana viper
 10129 | D:10     | Reached skill level 10 in Bows
 10134 | D:10     | Noticed Erolcha
 10137 | D:10     | Noticed Joseph
 10147 | D:10     | Killed Erolcha
 10147 | D:10     | Reached skill level 13 in Axes
 10156 | D:10     | Killed Joseph
 10981 | D:11     | Noticed a skeletal warrior
 11003 | D:11     | Killed a skeletal warrior
 11032 | D:11     | Found a flagged portal.
 11157 | Bailey   | Entered a bailey
 11285 | Bailey   | Received a gift from Trog
 11487 | Bailey   | Noticed an orc knight
 11559 | Bailey   | Noticed an orc knight
 11559 | Bailey   | Noticed an orc knight
 11567 | Bailey   | HP: 4/151 [orc/spear (9)]
 11568 | Bailey   | Demolished by an orc knight

Vault maps used:
D:1:      dpeg_arrival_rhombus
D:2:      marbit_many_paths, uniq_natasha
D:3:      regret_index_temple_of_mockery, elyvilon_altar_4,
          overflow_temple_1_default
D:4:      lemuel_crystal_altar, nicolae_tso_carved_into_rock,
          lightli_temple_of_fire, overflow_temple_1_default,
          nicolae_ossuary_entry_giza, fedhas_altar_3
D:5:      minmay_temple_entry_statues_pillars, first_ration,
          uniq_crazy_yiuf_cottage, uniq_pikel, uniq_edmund
D:7:      dancing_weapons_uskayaw, the_bakery, kennysheep_big_empty_room,
          moated_statue, item_on_display_a
D:8:      lemuel_crystal_altar, kennysheep_mini, lemuel_coloured_pillars_altar
D:9:      kennysheep_big_flooded_room, nicolae_elemental_shop, uniq_grum
D:10:     cheibrodos_orc_bank, serial_ice, serial_ice_o, serial_ice_f,
          serial_ice_a, serial_ice_e, serial_ice_d, minmay_radiant, uniq_joseph,
          uniq_harold, uniq_erolcha, uniq_fannar
D:11:     lemuel_bear_cage, lair_entry_dummy, orc_0_dummy, enter_bailey_2,
          st_stairs_12
Ossuary:  ossuary_tomb_1
Bailey:   bailey_polearm_5, bailey

Skill      XL: |  1  2  3  4  5  6  7  8  9 10 11 |
---------------+----------------------------------+-----
Axes           | 4 6 8 9 10 11 13 | 13.5
Fighting       | 4 5 6 7 8 9 11 | 11.2
Dodging        | 3 4 5 |  5.5
Armour         | 3 4 5 6 7 9 |  9.6
Stealth        | 1 |  1.8
Bows           | 3 7 9 10 | 10.2

Action                   |  1- 3 |  4- 6 |  7- 9 | 10-12 || total
-------------------------+-------+-------+-------+-------++-------
Melee: Hand axe          |    63 |    59 |   347 |    24 ||   493
       Headbutt          |    12 |     9 |    93 |    89 ||   203
       Battleaxe         |       |       |       |   287 ||   287
 Fire: Shortbow          |       |       |   115 |   246 ||   361
Invok: Berserk           |       |     2 |     2 |     7 ||    11
  Use: Scroll            |       |       |     7 |     8 ||    15
  Eat: Chunk             |     1 |     4 |    14 |    18 ||    37
       Ration            |       |       |     1 |     1 ||     2
Armor: Animal skin       |    12 |       |       |       ||    12
       Ring mail         |     2 |     9 |     1 |       ||    12
       Scale mail        |       |       |   105 |    45 ||   150
       Chain mail        |       |       |       |   145 ||   145
Dodge: Dodged            |    39 |    34 |   199 |   274 ||   546

Table legend:
 A = Spawn XP
 B = Non-spawn XP
 C = Spawn XP percentage of total XP
 D = Spawn monster count
 E = Non-spawn monster count
 F = Spawn count percentage of total count
 G = Total turns spent on level
                    A         B        C        D         E        F      G
               +---------+---------+-------+---------+---------+-------+---------
         Total |       0 |   21557 |   0.0 |       0 |     367 |   0.0 | 11568
               +---------+---------+-------+---------+---------+-------+---------
           D:1 |       0 |      27 |   0.0 |       0 |      10 |   0.0 |   704
           D:2 |       0 |     107 |   0.0 |       0 |      25 |   0.0 |   786
           D:3 |       0 |     622 |   0.0 |       0 |      23 |   0.0 |   940
           D:4 |       0 |     521 |   0.0 |       0 |      27 |   0.0 |  1149
           D:5 |       0 |    1089 |   0.0 |       0 |      19 |   0.0 |  1364
           D:6 |       0 |     447 |   0.0 |       0 |      17 |   0.0 |   671
           D:7 |       0 |     561 |   0.0 |       0 |      16 |   0.0 |   835
           D:8 |       0 |    3439 |   0.0 |       0 |      37 |   0.0 |  1043
           D:9 |       0 |    2785 |   0.0 |       0 |      40 |   0.0 |  1199
          D:10 |       0 |    9764 |   0.0 |       0 |      66 |   0.0 |  1813
          D:11 |       0 |    1337 |   0.0 |       0 |      14 |   0.0 |   230
       Ossuary |       0 |     232 |   0.0 |       0 |      39 |   0.0 |   423
        Bailey |       0 |     626 |   0.0 |       0 |      34 |   0.0 |   411
               +---------+---------+-------+---------+---------+-------+---------
